 Dungeon Crawl Stone Soup version 0.31-a0-459-gc8a9bf3d51 (webtiles) character file.

Game seed: 7078286139301512941

10688 pirchl the Grappler (level 11, -4/97 HPs)
             Began as a Troll Shapeshifter on Aug 4, 2023.
             Was a Priest of Trog.
             Slain by a kobold brigand
             ... wielding a +0 short sword
              (6 damage)
             ... on level 10 of the Dungeon.
             The game lasted 00:22:11 (7201 turns).

pirchl the Grappler (Troll Shapeshifter)            Turns: 7201, Time: 00:22:11

Health: -4/97      AC:  4    Str: 29    XL:     11   Next: 39%
Magic:  10/10      EV: 10    Int:  4    God:    Trog [***...]
Gold:   619        SH:  0    Dex: 12    Spells: 10/10 levels left

rFire   . .          .
                       - Unarmed
rCold   + . .        (shield currently unavailable)
rNeg    + . .        w - +0 acid dragon scales
rPois   .            j - +1 hat
rElec   .            J - +0 cloak of Osefeig {rC+ rN+ Dex+2 Stlth+}
rCorr   +            (gloves unavailable)
SInv    .            (boots unavailable)
Will    .....        n - amulet of regeneration
Stlth   ++           (no ring)
HPRegen 1.96/turn    (no ring)
MPRegen 0.12/turn

%: no passive effects
@: blade hands
A: reduced hp, large, unfitting armour, claws 3, regeneration 1, shaggy fur 1,
tough skin 1
a: Begin Untransformation, Renounce Religion, Berserk, Trog's Hand


You were on level 10 of the Dungeon.
You worshipped Trog.
Trog was most pleased with you.
You had blades for hands.
You visited 2 branches of the dungeon, and saw 11 of its levels.

You collected 619 gold pieces.

Inventory:

Hand Weapons
 C - a +0 spear
Missiles
 e - 103 stones
 p - 5 throwing nets
 q - 10 boomerangs (quivered)
 t - 16 poisoned darts
 D - 3 javelins
Armour
 a - a +0 animal skin
 j - a +1 hat (worn)
 w - +0 acid dragon scales (worn)
 J - the +0 cloak of Osefeig (worn) {rC+ rN+ Dex+2 Stlth+}
   (You found it on level 10 of the Dungeon)

   Dex:       It affects your dexterity (+2).
   rC:        It protects you from cold.
   rN:        It protects you from negative energy.
   Stlth:     It makes you more stealthy.
Jewellery
 n - an amulet of regeneration (around neck)
 L - a ring of resist corrosion
Talismans
 c - a beast talisman
 z - a blade talisman (active)
Wands
 g - a wand of paralysis (14)
 y - a wand of flame (42)
 G - a wand of digging (8)
 I - a wand of roots (8)
Scrolls
 i - 2 scrolls of blinking {unknown}
 k - 4 scrolls of enchant armour {unknown}
 m - 3 scrolls of teleportation {unknown}
 r - 2 scrolls of brand weapon {unknown}
 x - 2 scrolls of noise {unknown}
 E - 4 scrolls of identify
 H - a scroll of vulnerability {unknown}
 K - a scroll of revelation {unknown}
Potions
 b - 4 potions of lignification
 d - 2 potions of haste
 f - 6 potions of heal wounds
 h - 2 potions of might
 l - 3 potions of enlightenment
 o - 3 potions of mutation
 s - 2 potions of curing
 u - a potion of degeneration {unknown}
 v - a potion of cancellation
 A - a potion of attraction
 B - a potion of magic {unknown}
 F - 2 potions of resistance


   Skills:
 * Level 5.3 Fighting
 + Level 1.0 Throwing
 + Level 2.1 Armour
 + Level 4.1 Dodging
 * Level 13.2 Unarmed Combat
 + Level 0.6 Evocations
 * Level 8.4 Shapeshifting


You had 10 spell levels left.
You didn't know any spells.
Your spell library contained the following spells:

 Spells                   Type           Power      Damage    Failure   Level
 Blink                    Tloc           0%         N/A       96%         2
 Lesser Beckoning         Tloc           0%         N/A       96%         2
 Momentum Strike          Conj/Tloc      0%         3d8       96%         2
 Fulminant Prism          Conj/Hex       0%         3d5       100%        4
 Manifold Assault         Tloc           0%         N/A       100%        4
 Petrify                  Tmut/Erth      0%         N/A       100%        4


Dungeon Overview and Level Annotations

Branches:
Dungeon (10/15)            Temple (1/1) D:6            Lair (0/5) D:9
    Orc: D:9-12

Altars:
Ashenzari
Cheibriados
Dithmenos
Elyvilon
Fedhas
Gozag
Hepliaklqana
Kikubaaqudgha
Makhleb
Nemelex Xobeh
Okawaru
Qazlal
Ru
Sif Muna
Trog
Uskayaw
Vehumet
Wu Jian
Xom
Yredelemnul
Zin
The Shining One


Innate Abilities, Weirdness & Mutations

You have blades for hands.
Your maximum health is decreased, since you lack skill for your form.
Your spellcasting is less reliable in this form.
You are incapable of wielding weapons or throwing items.
You are too large for most types of armour.
You have claws for hands.
Your natural rate of healing is unusually fast.
You are covered in fur. (AC +1)
You have tough skin. (AC +1)


Message History

The kobold brigand hits you with a +0 short sword.
* * * LOW HITPOINT WARNING * * *
You slash the two-headed ogre! Your slash misses the two-headed ogre.
The two-headed ogre is moderately wounded.
The kobold brigand closely misses you. The two-headed ogre barely misses you.
The two-headed ogre closely misses you.
You shred the two-headed ogre!!!
You kill the two-headed ogre!
Trog accepts your kill.
Your Armour skill increases to level 2!
The kobold brigand hits you with a +0 short sword.
* * * LOW HITPOINT WARNING * * *
A shadow comes into view.
Things that are here:
a +0 giant club; a +0 great mace; a two-headed ogre corpse The kobold brigand closely misses you.
You barely miss the kobold brigand.
The kobold brigand hits you with a +0 short sword.
* * * LOW HITPOINT WARNING * * *
The shadow slips into darkness.
The shadow flickers and vanishes!
Deactivating autopickup; reactivate with Ctrl-A.
You slice the kobold brigand!!
The kobold brigand is severely wounded.
The kobold brigand hits you with a +0 short sword.
* * * LOW HITPOINT WARNING * * *
The kobold barely misses you.
The shadow strikes at you from the darkness!
* * * LOW HITPOINT WARNING * * *
Reactivating autopickup.
The kobold brigand hits you but does no damage.
Things that are here:
a +0 giant club; a +0 great mace; a two-headed ogre corpse The kobold brigand hits you with a +0 short sword!
* * * LOW HITPOINT WARNING * * *
Items here: ( )) †.
Unknown command.
The kobold brigand attacks as you move away!
The kobold brigand hits you with a +0 short sword.
You die...

.....#.### #.#.
##.#..###...###.#.
......#.........#.
#.....#.##........ #...#
#.##.....[<. #...#
#.##.....[..
#K..#.#.##........
#WK.#.#.##..#...#. ##
#@#.#.#.##..#)..#. ..
#)#.#...........#. #.
#.#.........######
#.####.#####.##.## #
#......# #.##.# #
####..###.## #.##.# #
>........#.####.##.#
#####.#.###........#######
#..## ##.....>........


You could see a kobold brigand, a shadow and a kobold.

Vanquished Creatures
  3 two-headed ogres
  Pikel (D:7)
  A manticore (D:7)
  Joseph (D:8)
  2 trolls (D:9)
  A shadow (D:10)
  A vampire (D:10)
  17 yaks
  A wraith (D:9)
  Grum (D:9)
  A steam dragon (D:7)
  2 wargs (D:9)
  2 acid dragons (D:9)
  3 water moccasins
  2 orc warriors (D:9)
  2 ice beasts
  A sky beast (D:7)
  3 ogres
  2 wolves (D:9)
  3 centaurs (D:8)
  2 lemures (D:7)
  A kobold brigand (D:7)
  A phantom (D:5)
  3 bullfrogs
  2 scorpions
  A gnoll sergeant (D:10)
  8 wights
  6 howler monkeys
  A hound (D:5)
  3 jellies
  3 orc priests
  2 gnoll boudas
  3 sleepcaps
  Jessica (D:2)
  15 orc wizards
  An iguana (D:4)
  20 gnolls
  3 adders
  A shadow imp (D:6)
  4 white imps
  An ufetubus (D:5)
  2 worms (D:5)
  2 dart slugs
  42 orcs
  3 ball pythons
  3 bats
  2 endoplasms
  4 giant cockroaches
  5 goblins
  3 hobgoblins
  5 jackals
  3 quokkas (D:4)
  14 kobolds
  2 rats
222 creatures vanquished.

Notes
Turn   | Place    | Note
-------+----------+-------------------------------------------
     0 | D:1      | pirchl the Troll Shapeshifter began the quest for the Orb.
     0 | D:1      | Reached XP level 1. HP: 18/18 MP: 0/0
   295 | D:1      | You fall into a shaft and drop 1 floor!
   312 | D:2      | Reached XP level 2. HP: 26/26 MP: 1/1
   333 | D:2      | Found a stormy altar of Qazlal.
   668 | D:2      | Reached skill level 1 in Fighting
   723 | D:2      | Found a faded altar of an unknown god.
   740 | D:2      | Reached XP level 3. HP: 29/33 MP: 2/2
   922 | D:2      | Noticed Jessica
   926 | D:2      | Killed Jessica
  1258 | D:3      | Found a basalt altar of Yredelemnul.
  1435 | D:3      | Got the Handbook of the Reformed Faeries
  1474 | D:3      | Reached skill level 4 in Unarmed Combat
  1474 | D:3      | Reached XP level 4. HP: 36/41 MP: 3/3
  1592 | D:3      | Found a sacrificial altar of Ru.
  1855 | D:4      | Reached XP level 5. HP: 42/48 MP: 4/4
  1888 | D:4      | Noticed an ogre
  1903 | D:3      | Killed an ogre
  1904 | D:3      | Reached skill level 5 in Unarmed Combat
  1904 | D:3      | Reached XP level 6. HP: 39/57 MP: 5/5
  2247 | D:4      | Reached skill level 6 in Unarmed Combat
  2274 | D:4      | Found a glowing golden altar of the Shining One.
  2431 | D:5      | Entered Level 5 of the Dungeon
  2475 | D:5      | Noticed a water moccasin
  2482 | D:5      | Reached XP level 7. HP: 42/65 MP: 6/6
  2569 | D:5      | Found a radiant altar of Vehumet.
  2584 | D:5      | Reached skill level 5 in Shapeshifting
  2696 | D:5      | Reached skill level 7 in Unarmed Combat
  3023 | D:5      | Reached XP level 8. HP: 46/74 MP: 7/7
  3350 | D:6      | Found a staircase to the Ecumenical Temple.
  3366 | Temple   | Entered the Ecumenical Temple
  3389 | Temple   | Became a worshipper of Trog the Wrathful
  3426 | D:6      | Reached skill level 1 in Throwing
  3430 | D:6      | Reached skill level 8 in Unarmed Combat
  4270 | D:7      | Found a glowing silver altar of Zin.
  4473 | D:7      | Found a burning altar of Makhleb.
  4631 | D:7      | Reached skill level 9 in Unarmed Combat
  4631 | D:7      | Reached XP level 9. HP: 43/81 MP: 8/8
  4691 | D:7      | Reached * piety under Trog
  4716 | D:7      | Noticed a manticore
  4725 | D:7      | Killed a manticore
  4899 | D:8      | Noticed Pikel
  4945 | D:7      | Killed Pikel
  4946 | D:7      | Reached skill level 10 in Unarmed Combat
  5014 | D:8      | Noticed Joseph
  5032 | D:8      | HP: 2/64 [Joseph/+0 quarterstaff (18)]
  5036 | D:8      | Killed Joseph
  5244 | D:8      | Found a shimmering altar of Xom.
  5247 | D:8      | Identified the +3 leather armour of Raisahav {rCorr}
  5256 | D:8      | Identified the +10 falchion "Nodarch" {freeze, Will+
                  | Stlth+}
  5369 | D:8      | Reached XP level 10. HP: 61/92 MP: 9/9
  5414 | D:8      | Reached skill level 11 in Unarmed Combat
  5612 | D:8      | Reached ** piety under Trog
  5771 | D:9      | Identified the +1 plate armour of the Wilderness {rN+ Str+3
                  | Int-5}
  5811 | D:9      | Found a staircase to the Lair.
  5866 | D:9      | Reached skill level 12 in Unarmed Combat
  5983 | D:9      | Noticed a two-headed ogre
  5993 | D:9      | HP: 2/82 [two-headed ogre/+0 giant club (29)]
  5994 | D:9      | Killed a two-headed ogre
  6095 | D:9      | Noticed Grum
  6103 | D:9      | Killed Grum
  6250 | D:9      | Reached *** piety under Trog
  6287 | D:9      | Reached XP level 11. HP: 59/100 MP: 10/10
  6291 | D:9      | Reached skill level 1 in Armour
  6409 | D:9      | Found a blossoming altar of Fedhas.
  6516 | D:9      | Reached skill level 5 in Fighting
  6704 | D:10     | Entered Level 10 of the Dungeon
  6730 | D:10     | Noticed a two-headed ogre
  6739 | D:10     | Killed a two-headed ogre
  6871 | D:10     | Reached skill level 13 in Unarmed Combat
  6891 | D:10     | Identified the +0 cloak of Osefeig {rC+ rN+ Dex+2 Stlth+}
  7179 | D:10     | Noticed a two-headed ogre
  7194 | D:10     | Killed a two-headed ogre
  7200 | D:10     | HP: 2/97 [kobold brigand/+0 short sword (7)]
  7201 | D:10     | Slain by a kobold brigand

Illustrated notes

Levels and vault maps discovered:
D:1:      dpeg_arrival_brainrot, layout_basic
D:2:      layout_rooms, basic_ecumenical_altar, basic_altar, uniq_jessica
D:3:      layout_loops_corners, lemuel_crystal_altar,
          mainiacjoe_overflow_concentric_impassable
D:4:      layout_rooms, tso_altar, serial_corexii_hall, corexii_hall_statues_i,
          corexii_hall_statues_deadend
D:5:      layout_loops_cross, vehumet_altar_wand_db,
          minmay_misc_feat_more_columns, kennysheep_cross_bottleneck
D:6:      layout_loops_corners, minmay_temple_entry_waves, serial_glass,
          glass_columns_a, glass_columns_a
D:7:      layout_gridville, mainiacjoe_overflow_alcove_4,
          mainiacjoe_overflow_chevrons
D:8:      layout_rooms, dk_xom_monty_hall, minmay_sticks_and_stones, uniq_pikel
D:9:      layout_long_grid, mainiacjoe_overflow_surrounded_room,
          erik_lair_orcish_takeover, hangedman_abyss_or_decor_clamps, uniq_grum
D:10:     layout_loops_ring
Temple:   minmay_temple_curvy_branch

Skill      XL: |  1  2  3  4  5  6  7  8  9 10 11 |
---------------+----------------------------------+-----
Fighting       | 1 2 3 4 5 |  5.3
Unarmed Combat | 4 5 6 7 9 10 12 13 | 13.2
Shapeshifting  | 4 5 6 7 8 |  8.4
Dodging        | 2 3 4 |  4.1
Throwing       | 1 |  1.0
Armour         | 2 |  2.1
Evocations     | |  0.6

Action                     |  1- 3 |  4- 6 |  7- 9 | 10-12 || total
---------------------------+-------+-------+-------+-------++-------
  Melee: Unarmed           |    69 |    84 |   219 |   167 ||   539
         Punch             |       |     2 |     8 |    10 ||    20
  Throw: Boomerang         |     3 |     7 |     2 |       ||    12
 Invoke: Berserk           |       |       |       |     1 ||     1
         Trog's Hand       |       |       |       |     1 ||     1
  Evoke: Wand              |       |       |     4 |       ||     4
    Use: Scroll            |       |       |    10 |       ||    10
         Potion            |       |       |     2 |     2 ||     4
   Stab: Sleeping          |       |       |     2 |       ||     2
         Distracted        |       |       |       |     1 ||     1
 Armour: Animal skin       |    20 |    19 |    29 |     7 ||    75
         Skin              |       |       |     6 |       ||     6
         Acid dragon scale |       |       |       |    11 ||    11
  Dodge: Dodged            |    34 |    30 |    98 |    58 ||   220
         Form:             |     1 |       |       |       ||     1
         Beast             |     1 |       |       |       ||     1
         Blade             |       |       |     1 |       ||     1

Table legend: (Time is in decaauts)
 A = Elapsed time spent in this place.
 B = Non-inter-level travel time spent in this place.
 C = Inter-level travel time spent in this place.
 D = Time resting spent in this place.
 E = Time spent auto-exploring this place.
 F = Levels seen in this place.
 G = Mean time per level.
                   A        B        C        D        E       F      G
               +--------+--------+--------+--------+--------+-----+--------+
         Total |   7123 |   6786 |    337 |    173 |   4982 |  11 |  647.5 |
       Dungeon |   7078 |   6784 |    294 |    173 |   4982 |  10 |  707.8 |
        Temple |     45 |      2 |     43 |      0 |      0 |   1 |   45.0 |
               +--------+--------+--------+--------+--------+-----+--------+

Top non-repeatable levels by time:
     D:9: 934 daAuts
     D:6: 886 daAuts
     D:3: 841 daAuts
     D:5: 811 daAuts
     D:7: 796 daAuts
     D:8: 730 daAuts
     D:4: 567 daAuts
     D:1: 567 daAuts
    D:10: 489 daAuts
     D:2: 451 daAuts
  Temple: 45 daAuts
